 Dungeon Crawl Stone Soup version 0.32-a0-306-gfed3edf829 (webtiles) character file.

Game seed: 5548914081092139605

11 holysushi the Ducker (level 2, 0/16 HPs)
             Began as a Spriggan Monk on Feb 15, 2024.
             Slain by an endoplasm (1 damage)
             ... on level 1 of the Dungeon.
             The game lasted 00:00:32 (303 turns).

holysushi the Ducker (Spriggan Monk)                 Turns: 303, Time: 00:00:33

Health: 0/16       AC:  2    Str:  7    XL:     2   Next: 13%
Magic:  3/3        EV: 18    Int: 11    God:
Gold:   35         SH:  0    Dex: 17    Spells: 1/1 levels left

rFire   . . .        a - +1 short sword
rCold   . . .        (no shield)
rNeg    . . .        b - +0 robe
rPois   .            (helmet restricted)
rElec   .            (no cloak)
rCorr   .            (gloves unavailable)
SInv    +            (boots unavailable)
Will    .....        (no amulet)
Stlth   ++           (no ring)
HPRegen 0.22/turn    (no ring)
MPRegen 0.08/turn

%: no passive effects
@: very quick
A: very small, no large weapons, unfitting armour, see invisible, speed 3
a: no special abilities


You were on level 1 of the Dungeon.
You visited 1 branch of the dungeon, and saw 1 of its levels.

You collected 35 gold pieces.

Inventory:

Hand Weapons
 a - a +1 short sword (weapon)
Armour
 b - a +0 robe (worn)
Scrolls
 e - a scroll of teleportation {unknown}
Potions
 c - a potion of ambrosia
 f - a potion of enlightenment {unknown}


   Skills:
 - Level 2.4 Fighting
 + Level 4.0 Short Blades
 - Level 4.0 Dodging


You had one spell level left.
You didn't know any spells.
Your spell library was empty.

Dungeon Overview and Level Annotations

Branches:
Dungeon (1/15) Zot: 5797

Altars:


Innate Abilities, Weirdness & Mutations

You are very small and have problems with some larger weapons.
You are too small for most types of armour.
You have supernaturally acute eyesight. (SInv)
You cover ground extremely quickly. (Speed+++)


Message History

The kobold throws a stone.
The stone closely misses you. The quokka attacks as it pursues you!
The quokka bites you.
The quokka twitches its whiskers.
The quokka misses you.
You hit the quokka.
The quokka is heavily wounded.
The quokka completely misses you.
You closely miss the quokka.
The quokka is heavily wounded.
You hit the quokka but do no damage.
The quokka is heavily wounded.
The quokka closely misses you.
The kobold throws a stone.
The stone misses you.
You closely miss the quokka.
The quokka is heavily wounded.
The quokka closely misses you.
The kobold throws a stone.
The stone misses you.
You closely miss the quokka.
The quokka is heavily wounded.
The quokka misses you.
Okay, then.
As you read the scroll labelled ROLERUXESY, it crumbles to dust.
It is a scroll of enchant weapon.
Your +0 short sword glows red for a moment.
The quokka bites you. The quokka barely misses you.
You closely miss the quokka.
The quokka is heavily wounded.
The quokka completely misses you.
You completely miss the quokka.
The quokka is moderately wounded.
The endoplasm freezes you.
You are frozen.
* * * LOW HITPOINT WARNING * * *
The quokka misses you.
You hit the quokka.
The quokka is severely wounded.
The quokka bites you.
* * * LOW HITPOINT WARNING * * *
You hit the quokka but do no damage.
The quokka is severely wounded.
The endoplasm hits you.
You die...

###.##...#...##'##
.P####...#...#...#
....##...#...#...#
.....#≈≈≈#≈≈≈#≈≈≈#
.....#≈≈≈#≈≈≈#≈≈≈#
.....#≈≈≈#≈≈≈#≈≈≈#
.P.P##≈≈≈#≈≈≈#≈≈≈#
..###≈≈≈≈#≈≈≈#≈≈≈#
'##≈≈≈≈≈≈#≈≈≈≈≈l@#
.≈≈≈≈≈≈≈≈≈≈≈≈.KrJ#
.≈≈≈≈≈≈≈≈≈......##
P≈≈≈..........###
P.........#####
J...P###### ######
# # ..


You could see an endoplasm, a quokka, a kobold and a frilled lizard.

Vanquished Creatures
  A dart slug (D:1)
  A goblin (D:1)
  A ball python (D:1)
  A bat (D:1)
  2 kobolds (D:1)
6 creatures vanquished.

Notes
Turn   | Place    | Note
-------+----------+-------------------------------------------
     0 | D:1      | holysushi the Spriggan Monk began the quest for the Orb.
     0 | D:1      | Reached XP level 1. HP: 11/11 MP: 2/2
   220 | D:1      | Reached XP level 2. HP: 13/16 MP: 3/3
   303 | D:1      | Slain by an endoplasm

Illustrated notes

Levels and vault maps discovered:
D:1:      dpeg_arrival_water_fire, layout_rooms

Skill      XL: |  1 |
---------------+----+-----
Short Blades   | 4 |  4.0
Fighting       | |  2.4
Dodging        | |  4.0

Action                     || total
---------------------------++-------
  Melee: Short sword       ||    37
    Use: Scroll            ||     1
 Armour: Robe              ||    13
  Dodge: Dodged            ||    33

Table legend: (Time is in decaauts)
 A = Elapsed time spent in this place.
 B = Non-inter-level travel time spent in this place.
 C = Inter-level travel time spent in this place.
 D = Time resting spent in this place.
 E = Time spent auto-exploring this place.
 F = Levels seen in this place.
 G = Mean time per level.
                   A        B        C        D        E       F      G
               +--------+--------+--------+--------+--------+-----+--------+
         Total |    202 |    202 |      0 |      3 |    108 |   1 |  202.0 |
       Dungeon |    202 |    202 |      0 |      3 |    108 |   1 |  202.0 |
               +--------+--------+--------+--------+--------+-----+--------+

Top non-repeatable levels by time:
     D:1: 202 daAuts
